 Dungeon Crawl Stone Soup version 0.27.1-4-g1640c2035a (webtiles) character file.

Game seed: 16298288879603121879

4039 porpoise the Thaumaturge (level 10, -13/59 HPs)
             Began as a Deep Elf Conjurer on Nov 10, 2021.
             Mangled by a two-headed ogre (27 damage)
             ... on level 9 of the Dungeon.
             The game lasted 00:34:17 (10042 turns).

porpoise the Thaumaturge (Deep Elf Conjurer)       Turns: 10042, Time: 00:34:17

Health: -13/59     AC:  2    Str:  6    XL:     10   Next: 4%
Magic:  17/27      EV: 14    Int: 25    God:
Gold:   336        SH:  0    Dex: 13    Spells: 14/32 levels left

rFire    . . .     SeeInvis .   b - +1 hunting sling
rCold    + . .     Faith    .   (no shield)
rNeg     . . .     Spirit   .   H - +0 robe {rC+}
rPois    +         Reflect  +   (no helmet)
rElec    .         Harm     .   (no cloak)
rCorr    .         Rampage  .   (no gloves)
Will     +....                  (no boots)
Stlth    +.........             n - amulet of reflection
HPRegen  0.19/turn              l - ring of poison resistance
MPRegen  0.20/turn              k - ring of wizardry

@: confused
A: no striking features
a: no special abilities


You were on level 9 of the Dungeon.
You visited 2 branches of the dungeon, and saw 10 of its levels.
You also visited: Sewer.

You collected 351 gold pieces.
You spent 15 gold pieces at shops.

Inventory:

Hand Weapons
 a - a +5 dagger of freezing
 b - a +1 hunting sling (weapon)
 I - a +2 short sword of flaming
Missiles
 h - 8 javelins
 j - 249 stones
 u - a throwing net
 A - 2 boomerangs
 B - 27 sling bullets (quivered ammo)
 D - 5 boomerangs of dispersal
Armour
 d - a +1 robe
 H - a +0 robe of cold resistance (worn)
Magical Staves
 G - a staff of poison
Jewellery
 f - an amulet of guardian spirit
 k - a ring of wizardry (right hand)
 l - a ring of poison resistance (left hand)
 n - an amulet of reflection (around neck)
 y - an amulet of regeneration
Wands
 t - a wand of flame (27)
 z - a wand of iceblast (11)
 E - a wand of polymorph (6)
Scrolls
 o - a scroll of vulnerability
 p - a scroll of summoning
 r - 2 scrolls of identify
 s - 3 scrolls of amnesia
 w - a scroll of brand weapon
 x - 2 scrolls of enchant armour
 C - a scroll of teleportation
 F - a scroll of blinking
 J - a scroll of holy word
 K - a scroll of fog
Potions
 c - 4 potions of curing
 e - a potion of cancellation
 g - a potion of might
 i - 3 potions of heal wounds
 m - a potion of flight
 q - 2 potions of haste
 v - 2 potions of mutation


   Skills:
 - Level 5.0 Fighting
 + Level 5.4 Dodging
 - Level 2.4 Stealth
 + Level 11.7 Spellcasting
 - Level 7.0 Conjurations
 - Level 7.0 Hexes
 - Level 5.0 Translocations


You had 14 spell levels left.
You knew the following spells:

 Your Spells              Type           Power      Damage    Failure   Level
a - Magic Dart            Conj           100%       1d8       1%          1
b - Searing Ray           Conj           98%        3d7       1%          2
c - Fulminant Prism       Conj/Hex       24%        3d13      1%          4
d - Iskenderun's Mystic   Conj/Tloc      44%        2d10      1%          4
q - Sublimation of Blood  Necr           7%         N/A       2%          2
r - Irradiate             Conj/Tmut      16%        3d18      11%         5

Your spell library contained the following spells:

 Spells                   Type           Power      Damage    Failure   Level
 Animate Skeleton         Necr           28%        N/A       1%          1
 Foxfire                  Conj/Fire      100%       2x1d9     1%          1
 Pain                     Necr           56%        1d6       1%          1
 Conjure Flame            Conj/Fire      32%        6-21      1%          3
 Dazzling Flash           Conj/Hex       98%        N/A       1%          3
 Gell's Gravitas          Tloc           19%        N/A       1%          3
 Inner Flame              Hex/Fire       32%        N/A       1%          3
 Teleport Other           Tloc           39%        N/A       1%          3
 Passwall                 Tmut/Erth      11%        N/A       2%          2
 Swiftness                Air            14%        N/A       4%          3
 Vampiric Draining        Necr           7%         2d7       4%          3
 Invisibility             Hex            24%        N/A       14%         6
 Petrify                  Tmut/Erth      14%        N/A       16%         4
 Dispersal                Tloc           19%        N/A       32%         6


Dungeon Overview and Level Annotations

Branches:
Dungeon (9/15)             Temple (1/1) D:7            Lair (0/6) D:8
  Sewer (visited)
    Orc: D:9-12

Altars:
Ashenzari
Cheibriados
Dithmenos
Fedhas
Hepliaklqana
Kikubaaqudgha
Makhleb
Nemelex Xobeh
Okawaru
Qazlal
Sif Muna
Trog
Uskayaw
Wu Jian
Yredelemnul
The Shining One
Lugonu

Shops:
D:2 (?!


Message History

Confirm with . or Enter, or press ? or * to list all spells.
Aiming: Fulminant Prism (dangerous; 1% risk of failure)
Press: ? - help, Dir - move target You conjure a prism of explosive energy!
A fulminant prism comes into view.
The centaur shoots an arrow.
The arrow hits you.
Your fulminant prism crackles loudly.
Casting: Fulminant Prism (dangerous; 1% risk of failure)
Confirm with . or Enter, or press ? or * to list all spells.
Aiming: Searing Ray (safe; 1% risk of failure)
Press: ? - help, Shift-Dir - straight line, f - orc priest
Aim: an orc priest, wielding a +0 whip (83% to hit)
The searing ray misses the orc warrior.
The searing ray hits the orc priest!
The orc priest is severely wounded. (Press . to maintain the ray.)
The centaur shoots an arrow.
The arrow closely misses you.
Your fulminant prism explodes!
The blast of energy engulfs the orc priest!
You kill the orc priest!
The blast of energy engulfs the orc!
You kill the orc!
You feel a bit more experienced.
The blast of energy engulfs the orc warrior!
The orc warrior is heavily wounded.
Your fulminant prism crackles loudly.
You block the orc warrior's attack.
You hear a shout!
You hear an angry buzzing noise.
You hear a bellow!
You hear an angry buzzing noise.
The searing ray hits the orc warrior!
The orc warrior is almost dead.
The two-headed ogre closely misses you.
The two-headed ogre hits you with a +0 giant club!!
The orc warrior hits you with a +0 mace.
* * * LOW HITPOINT WARNING * * *
Your fulminant prism explodes!
You hear an angry buzzing noise.
The orc wizard gestures at you while chanting.
You are confused.
The two-headed ogre hits you with a +0 giant spiked club!!
You die...

. #+# ..
.$.. ...####
###....
...)...
.......
....)..
.......
+..o#O......
#@#
#o..#.......
#... ...####
#... ...#
#..# #.##
#.# .# .. ..
.## ##


You could see a two-headed ogre, an orc warrior and an orc wizard.

Vanquished Creatures
  A cyclops (D:8)
  An elephant (D:8)
  Prince Ribbit (D:8)
  Sigmund (D:2)
  A wyvern (D:8)
  A basilisk (D:8)
  An orc warrior (D:7)
  2 sky beasts
  An ice beast (D:7)
  An ogre (D:5)
  A centaur (D:9)
  2 phantoms
  A bullfrog (D:8)
  3 scorpions
  A wyvern zombie (D:8)
  A water moccasin skeleton (D:4)
  5 wights (D:8)
  A howler monkey (D:8)
  4 hounds
  3 centaur zombies
  An iron imp (D:3)
  A gnoll shaman (D:7)
  2 jellies
  2 bullfrog skeletons
  5 orc priests
  4 iguanas
  2 orc wizards
  A howler monkey zombie (D:4)
  10 gnolls
  13 adders
  3 white imps
  3 ufetubi
  An adder skeleton (D:5)
  3 worms
  2 dart slugs
  15 orcs
  8 ball pythons
  7 bats
  10 endoplasms
  7 giant cockroaches
  7 goblins
  2 hobgoblins
  7 jackals (Sewer)
  7 quokkas
  3 frilled lizards
  10 kobolds
  A quokka zombie (D:5)
  9 rats
  A rat zombie (D:5)
180 creatures vanquished.

Vanquished Creatures (others)
  16 fulminant prisms
  22 plants (Sewer)
38 creatures vanquished.

Grand Total: 218 creatures vanquished

Notes
Turn   | Place    | Note
-------+----------+-------------------------------------------
     0 | D:1      | porpoise the Deep Elf Conjurer began the quest for the Orb.
     0 | D:1      | Reached XP level 1. HP: 10/10 MP: 6/6
   175 | D:1      | Found a faded altar of an unknown god.
   215 | D:1      | Reached XP level 2. HP: 15/15 MP: 4/8
   253 | D:1      | Learned a level 2 spell: Searing Ray
   780 | D:1      | Reached skill level 4 in Spellcasting
   866 | D:1      | Reached skill level 5 in Conjurations
   866 | D:1      | Reached XP level 3. HP: 19/19 MP: 4/10
  1465 | D:2      | Found Beloschuv's Magic Scroll Shoppe.
  1584 | D:2      | Found Ubruy's Distillery.
  1853 | D:2      | Found Tesmaff's Weapon Boutique.
  1939 | D:2      | Noticed Sigmund
  1943 | D:2      | Killed Sigmund
  1944 | D:2      | Reached skill level 6 in Spellcasting
  1944 | D:2      | Reached XP level 4. HP: 24/24 MP: 7/14
  1944 | D:2      | Reached XP level 5. HP: 28/28 MP: 7/15
  2024 | D:2      | Learned a level 4 spell: Fulminant Prism
  2029 | D:2      | Learned a level 4 spell: Iskenderun's Mystic Blast
  2292 | D:3      | Reached skill level 1 in Hexes
  2425 | D:3      | Found a glowing golden altar of the Shining One.
  2466 | D:3      | Found a burning altar of Makhleb.
  2468 | D:3      | Found a basalt altar of Yredelemnul.
  2908 | D:3      | Found a snail-covered altar of Cheibriados.
  2913 | D:3      | Reached XP level 6. HP: 32/32 MP: 11/17
  3140 | D:4      | Reached skill level 7 in Spellcasting
  3540 | D:4      | Found a glowing drain.
  3542 | D:4      | Reached skill level 1 in Translocations
  3550 | Sewer    | Entered a sewer
  3695 | Sewer    | Reached XP level 7. HP: 35/36 MP: 16/19
  4529 | D:4      | Identified a scroll of acquirement
  4529 | D:4      | Acquired a book of Alchemy
  4534 | D:4      | Learned a level 2 spell: Sublimation of Blood
  4540 | D:4      | Learned a level 5 spell: Irradiate
  5009 | D:4      | Reached skill level 5 in Hexes
  5138 | D:5      | Entered Level 5 of the Dungeon
  5328 | D:5      | Found a shimmering blue altar of Sif Muna.
  5521 | D:5      | You fall into a shaft and drop 3 floors!
  5849 | D:8      | Reached XP level 8. HP: 41/41 MP: 16/20
  5850 | D:8      | Noticed an elephant
  5877 | D:8      | Found a staircase to the Lair.
  5920 | D:6      | Reached skill level 5 in Translocations
  6467 | D:2      | Bought a +0 hunting sling for 15 gold pieces
  6579 | D:5      | Reached skill level 1 in Fighting
  7046 | D:6      | Found a hide-covered altar of Uskayaw.
  7376 | D:6      | Reached skill level 8 in Spellcasting
  7644 | D:6      | Found an ornate altar of the Wu Jian Council.
  7774 | D:7      | Reached skill level 9 in Spellcasting
  7938 | D:7      | Reached XP level 9. HP: 51/51 MP: 17/24
  8031 | D:7      | Found a staircase to the Ecumenical Temple.
  8040 | Temple   | Entered the Ecumenical Temple
  8463 | D:8      | Found a hazy altar of Hepliaklqana.
  8488 | D:8      | Reached skill level 10 in Spellcasting
  8664 | D:8      | Noticed Prince Ribbit
  8671 | D:8      | Killed Prince Ribbit
  8932 | D:8      | Noticed a cyclops
  8947 | D:8      | Reached skill level 5 in Fighting
  8953 | D:8      | Killed a cyclops
  8954 | D:8      | Reached skill level 11 in Spellcasting
  9734 | D:8      | Killed an elephant
  9735 | D:8      | Reached skill level 5 in Dodging
  9735 | D:8      | Reached XP level 10. HP: 47/59 MP: 8/27
 10037 | D:9      | Noticed a two-headed ogre
 10042 | D:9      | Mangled by a two-headed ogre

Illustrated notes

Levels and vault maps discovered:
D:1:      minmay_arrival_four_houses, layout_basic, serial_aquarium,
          aquarium_bridge_square [aquarium_subvault_wall,
          aquarium_subvault_wall, aquarium_subvault_bridge,
          aquarium_subvault_bridge], aquarium_window_fake, aquarium_window_fake,
          aquarium_window_fake, aquarium_view_2b, aquarium_view_2d,
          aquarium_balcony_3b, aquarium_pool_2,
          shapermc_ecumenical_altar_hornbeckon, hex_intersection,
          serial_bayou_pond_b
D:2:      layout_loops_ring, serial_shops, nicolae_shop_waterfront, shop, shop,
          nrook_campfire, uniq_sigmund
D:3:      layout_basic, grunt_temple_overflow_open, slow_altar_2,
          nicolae_tso_carved_into_rock
D:4:      layout_loops_ring, portal_sewer_entry_d, minmay_cut_off
D:5:      layout_loops_cross, lemuel_tele_altar, enter_ossuary_4,
          eino_small_chamber_without_monster, grunt_ministairs_14
D:6:      layout_basic, mainiacjoe_overflow_alcove_2, pf_just_have_faith
D:7:      layout_rooms, minmay_temple_entry_purple_smoke
D:8:      layout_loops_corners, mainiacjoe_overflow_tiny_flanked,
          david_lair_generic, uniq_prince_ribbit1
D:9:      layout_roguey, grunt_temple_overflow_order_and_chaos_1,
          vehumet_altar_wand_db, nicolae_gozag_seed_capital, kennysheep_mini,
          st_stairs_14, uniq_erica
Temple:   corrupted_temple

Skill      XL: |  1  2  3  4  5  6  7  8  9 |
---------------+----------------------------+-----
Spellcasting   | 4 6 7 9 11 | 11.7
Conjurations   | 5 6 7 |  7.0
Hexes          | 1 4 6 7 |  7.0
Translocations | 1 4 5 |  5.0
Fighting       | 3 5 |  5.0
Dodging        | 5 |  5.4
Stealth        | |  2.4

Action                   |  1- 3 |  4- 6 |  7- 9 | 10-12 || total
-------------------------+-------+-------+-------+-------++-------
Melee: Short sword       |       |       |     3 |       ||     3
 Fire: Hunting sling     |       |       |    36 |       ||    36
 Cast: Magic Dart        |    65 |    18 |    31 |       ||   114
       Searing Ray       |     6 |    18 |    75 |     1 ||   100
       Fulminant Prism   |       |       |    14 |     2 ||    16
       Iskenderun's Myst |       |       |     4 |       ||     4
  Use: Scroll            |       |     6 |    14 |       ||    20
Armor: Robe              |     2 |       |    15 |       ||    17
Dodge: Dodged            |     4 |     3 |    19 |     2 ||    28
Block: Other             |       |       |     9 |     1 ||    10
       Reflection        |       |       |     2 |       ||     2
